 Dungeon Crawl Stone Soup version 0.28-a0-268-g3f656e82c2 (webtiles) character file.

Game seed: 13610446942562712225

5037 theanonym the Basher (level 10, -26/80 HPs)
             Began as a Mummy Delver on Aug 29, 2021.
             Was a Believer of Qazlal.
             Killed by the air
             ... invoked by Gastronok
              (32 damage)
             ... on level 8 of the Dungeon.
             The game lasted 00:16:07 (12166 turns).

theanonym the Basher (Mummy Delver)                Turns: 12166, Time: 00:16:08

Health: -26/80     AC: 14    Str: 24    XL:     10   Next: 30%
Magic:  10/10      EV:  7    Int: 10    God:    Qazlal [**....]
Gold:   392        SH:  8    Dex: 14    Spells: 9/9 levels left

rFire   . . .      SeeInvis .   n - +0 dire flail
rCold   + + .      Faith    .   (shield currently unavailable)
rNeg    + + +      Spirit   .   g - +0 plate armour
rPois   ∞          Reflect  +   (no helmet)
rElec   .          Harm     .   i - scarf {rC+ rF+}
rCorr   .          Rampage  .   j - +0 pair of gloves
Will    +....                   (no boots)
Stlth   ..........              k - amulet of reflection
HPRegen 0.23/turn               d - +6 ring of strength
MPRegen 0.12/turn               f - ring of wizardry

@: no status effects
A: cold resistance 1, negative energy resistance 3, torment resistance 2, heat
vulnerability 1, no potions
a: Renounce Religion, Upheaval


Innate Abilities, Weirdness & Mutations

You are immune to poison.
Your flesh is cold resistant. (rC+)
You are immune to negative energy. (rN+++)
You are immune to unholy pain and torment.
You are vulnerable to heat. (rF-)
You do not drink.


   Skills:
 + Level 8.2 Fighting
 * Level 9.2 Maces & Flails
 + Level 6.2 Armour
 - Level 1.8 Dodging
 - Level 4.2 Stealth


You had 9 spell levels left.
You didn't know any spells.
Your spell library contained the following spells:

 Spells                   Type           Power      Damage    Failure   Level
 Animate Skeleton         Necr           0%         N/A       89%         1
 Apportation              Tloc           0%         N/A       89%         1
 Corona                   Hex            0%         N/A       89%         1
 Summon Small Mammal      Summ           0%         N/A       89%         1
 Stone Arrow              Conj/Erth      0%         3d7       99%         3
 Bolt of Magma            Conj/Fire/Erth 0%         4d4       100%        5
 Shatter                  Erth           0%         3d5*      100%        9

Skill      XL: |  1  2  3  4  5  6  7  8  9 10 |
---------------+-------------------------------+-----
Maces & Flails | 2 3 4 5 7 8 9 |  9.2
Armour         | 1 2 3 4 5 6 |  6.2
Fighting       | 4 5 6 8 |  8.2
Dodging        | |  1.8
Stealth        | |  4.2

Action                   |  1- 3 |  4- 6 |  7- 9 | 10-12 || total
-------------------------+-------+-------+-------+-------++-------
Melee: Mace              |   139 |    31 |       |       ||   170
       Flail             |       |   103 |   376 |       ||   479
       Dire flail        |       |       |       |    27 ||    27
Invok: Upheaval          |       |       |     4 |       ||     4
Evoke: Wand              |     1 |    20 |    24 |     1 ||    46
  Use: Scroll            |       |     1 |    10 |     1 ||    12
 Stab: Sleeping          |     7 |       |       |       ||     7
       Paralysed         |       |       |    13 |     6 ||    19
Armor: Leather armour    |    19 |       |       |       ||    19
       Ring mail         |    30 |    27 |       |       ||    57
       Scale mail        |       |    18 |   102 |       ||   120
       Plate armour      |       |       |    44 |     8 ||    52
Dodge: Dodged            |    96 |    84 |   158 |     5 ||   343
Block: Other             |     3 |     6 |   133 |     7 ||   149
       Reflection        |       |       |     7 |     1 ||     8

Inventory:

Hand Weapons
 a - a +0 flail
 n - a +0 dire flail (weapon)
Armour
 g - a +0 plate armour (worn)
 i - a scarf of resistance (worn)
 j - a +0 pair of gloves (worn)
Jewellery
 d - a +6 ring of strength (left hand)
 f - a ring of wizardry (right hand)
 k - an amulet of reflection (around neck)
Wands
 c - a wand of digging (2)
 h - a wand of paralysis (1)
 v - a wand of acid (4)
Scrolls
 b - a scroll of noise
 l - a scroll of brand weapon
 m - a scroll of enchant weapon
 r - a scroll of identify
 t - 3 scrolls of teleportation
 y - a scroll of magic mapping
 B - a scroll of blinking


You were on level 8 of the Dungeon.
You worshipped Qazlal.
Qazlal was pleased with you.
You visited 2 branches of the dungeon, and saw 9 of its levels.

You collected 392 gold pieces.

Dungeon Overview and Level Annotations

Branches:
Dungeon (8/15)             Temple (1/1) D:7
   Lair: D:8-11

Altars:
Ashenzari
Cheibriados
Dithmenos
Elyvilon
Fedhas
Gozag
Hepliaklqana
Kikubaaqudgha
Makhleb
Nemelex Xobeh
Okawaru
Qazlal
Ru
Sif Muna
Trog
Uskayaw
Vehumet
Wu Jian
Xom
Yredelemnul
Zin
The Shining One
Lugonu

Shops:
D:1 (   D:4 (   D:7 ?

Annotations:
D:4 Dowan, Duvessa
D:8 Gastronok

..............#
.......<...#
.....B.....#
#.....>....♣.
######.......
##l......♣
#.°..!...P. #####
#B°........ #.
##)<.## #@s....P♣.P
#..#..)).## #........
#........# #........
##.....oo# #........
#......!#####w.....#.
##.....ll..).......#
#.......######...###
#....../# ##.#
#.......#


You could see Gastronok (swift), a boulder beetle (fleeing), a wyvern (fleeing)
and a scorpion (fleeing).

Notes
Turn   | Place    | Note
-------+----------+-------------------------------------------
     0 | D:5      | theanonym the Mummy Delver began the quest for the Orb.
     0 | D:5      | Reached XP level 1. HP: 18/18 MP: 1/1
     0 | D:5      | theanonym: !lg * win mude s=god
     0 | D:5      | beem: 21 games for * (win mude): 7x Gozag, 3x
                  | Kikubaaqudgha, 2x Ru, 2x Ashenzari, 2x Hepliaklqana, 2x
                  | Okawaru, Uskayaw, Vehumet, Fedhas
    12 | D:5      | Noticed a hound
    26 | D:4      | Found a sparkling altar of Nemelex Xobeh.
    27 | D:4      | Found a stormy altar of Qazlal.
    40 | D:4      | HP: 6/18 [adder (4)]
    42 | D:4      | Reached XP level 2. HP: 9/24 MP: 2/2
    46 | D:4      | Became a worshipper of Qazlal Stormbringer
   465 | D:2      | Reached skill level 2 in Maces & Flails
   743 | D:1      | Reached XP level 3. HP: 26/29 MP: 3/3
   809 | D:1      | Found Bucom's Weapon Shop.
  1265 | D:1      | Found a faded altar of an unknown god.
  1688 | D:2      | Reached * piety under Qazlal
  2025 | D:2      | Reached XP level 4. HP: 25/35 MP: 4/4
  2469 | D:3      | Reached skill level 1 in Armour
  2728 | D:3      | HP: 17/36 [something (3)]
  2736 | D:3      | HP: 9/37 [orc/puff of flame (6)]
  2736 | D:3      | HP: 2/37 [orc/puff of flame (7)]
  3288 | D:4      | Reached skill level 3 in Maces & Flails
  3288 | D:4      | Noticed Menkaure
  3335 | D:4      | Noticed Duvessa
  3335 | D:4      | Noticed Dowan
  3418 | D:4      | Killed Menkaure
  3419 | D:4      | Reached skill level 4 in Fighting
  3419 | D:4      | Reached XP level 5. HP: 42/42 MP: 5/5
  3534 | D:4      | Found a basalt altar of Yredelemnul.
  3617 | D:4      | Noticed Ijyb
  3624 | D:4      | Killed Ijyb
  3625 | D:4      | Reached XP level 6. HP: 41/48 MP: 6/6
  3698 | D:4      | Found a shadowy altar of Dithmenos.
  3738 | D:4      | Reached skill level 2 in Armour
  3902 | D:4      | HP: 24/48 [Duvessa (5)]
  4209 | D:4      | Reached skill level 4 in Maces & Flails
  4214 | D:4      | HP: 24/49 [scorpion (7)]
  4217 | D:4      | HP: 11/49 [scorpion (7)]
  4219 | D:4      | HP: 2/49 [scorpion (7)]
  4947 | D:4      | Found Kegipp's Weapon Shop.
  5321 | D:5      | Reached XP level 7. HP: 41/55 MP: 7/7
  5555 | D:5      | Reached skill level 5 in Fighting
  5690 | D:5      | Reached skill level 5 in Maces & Flails
  5690 | D:5      | Reached skill level 3 in Armour
  6154 | D:5      | Reached XP level 8. HP: 50/63 MP: 8/8
  6642 | D:6      | Reached ** piety under Qazlal
  6857 | D:6      | Reached skill level 6 in Maces & Flails
  6862 | D:6      | HP: 24/64 [orc priest/divine providence (14)]
  6871 | D:5      | HP: 24/64 [orc (2)]
  7194 | D:6      | Reached skill level 6 in Fighting
  7194 | D:6      | Reached skill level 4 in Armour
  7372 | D:6      | Noticed Maggie
  7376 | D:6      | HP: 20/64 [Maggie (14)]
  7377 | D:6      | HP: 9/64 [Maggie (5)]
  7843 | D:6      | HP: 29/64 [orc priest/divine providence (13)]
  8063 | D:6      | Found an ancient bone altar of Kikubaaqudgha.
  8196 | D:6      | Found a sacrificial altar of Ru.
  8197 | D:6      | Found an ornate altar of the Wu Jian Council.
  8199 | D:6      | Found a broken altar of Ashenzari.
  8223 | D:6      | Reached skill level 7 in Maces & Flails
  8237 | D:6      | HP: 31/65 [kobold brigand (2)]
  8410 | D:6      | Found a shimmering blue altar of Sif Muna.
  8410 | D:6      | Found a shimmering altar of Xom.
  8411 | D:6      | Found a blossoming altar of Fedhas.
  8413 | D:6      | Found a radiant altar of Vehumet.
  8415 | D:6      | Found a hide-covered altar of Uskayaw.
  8534 | D:6      | Killed Maggie
  8535 | D:6      | Reached XP level 9. HP: 52/71 MP: 0/9
  8695 | D:6      | HP: 34/71 [orc warrior (10)]
  9026 | D:6      | Noticed a troll
  9057 | D:6      | Killed a troll
  9566 | D:6      | HP: 28/71 [orc warrior (10)]
  9570 | D:6      | Reached skill level 7 in Fighting
  9570 | D:6      | Reached skill level 5 in Armour
 10060 | D:6      | Found a sacrificial altar of Ru.
 10061 | D:6      | Found an ornate altar of the Wu Jian Council.
 10063 | D:6      | Found a broken altar of Ashenzari.
 10067 | D:6      | Found a blossoming altar of Fedhas.
 10067 | D:6      | Found a shimmering altar of Xom.
 10068 | D:6      | Found a shimmering blue altar of Sif Muna.
 10069 | D:6      | Found a radiant altar of Vehumet.
 10071 | D:6      | Found a hide-covered altar of Uskayaw.
 10171 | D:6      | Found an ancient bone altar of Kikubaaqudgha.
 10443 | D:7      | Found an ancient bone altar of Kikubaaqudgha.
 10455 | D:7      | Found a hazy altar of Hepliaklqana.
 10674 | D:7      | Reached skill level 8 in Maces & Flails
 11182 | D:7      | Found a staircase to the Ecumenical Temple.
 11291 | D:7      | Found Tolishef's Magic Scroll Shop.
 11364 | Temple   | Entered the Ecumenical Temple
 11603 | D:7      | Noticed a boulder beetle
 11656 | D:7      | Killed a boulder beetle
 11657 | D:7      | Reached skill level 8 in Fighting
 11657 | D:7      | Reached XP level 10. HP: 59/80 MP: 10/10
 11960 | D:8      | Noticed a two-headed ogre
 11986 | D:7      | Killed a two-headed ogre
 11987 | D:7      | Reached skill level 9 in Maces & Flails
 11987 | D:7      | Reached skill level 6 in Armour
 12113 | D:8      | Noticed a boulder beetle
 12161 | D:8      | Noticed Gastronok
 12165 | D:8      | HP: 5/80 [boulder beetle (44)]
 12166 | D:8      | Killed from afar by Gastronok

Vanquished Creatures
  A boulder beetle (D:7)
  A two-headed ogre (D:7)
  Maggie (D:6)
  A troll (D:6)
  A hornet (D:7)
  A basilisk (D:7)
  Menkaure (D:4)
  2 water moccasins (D:7)
  A black bear (D:6)
  2 orc warriors
  2 ice beasts (D:6)
  4 ogres
  2 necrophages
  3 centaurs
  2 kobold brigands
  A bullfrog (D:6)
  3 scorpions
  A water moccasin zombie (D:6)
  2 wyvern skeletons (D:7)
  A bullfrog zombie (D:7)
  6 hounds
  2 orc priests
  2 bullfrog skeletons (D:6)
  3 jellies
  An iguana (D:7)
  2 centaur skeletons (D:6)
  Ijyb (D:4)
  2 orc wizards
  A hound skeleton (D:4)
  A howler monkey zombie (D:6)
  3 howler monkey skeletons
  7 adders
  A shadow imp (D:6)
  A white imp (D:7)
  2 ufetubi (D:6)
  A worm (D:2)
  6 dart slugs
  20 orcs
  12 endoplasms
  6 giant cockroaches
  5 goblins
  5 hobgoblins
  A quokka (D:1)
  5 ball pythons
  5 bats
  3 frilled lizards
  13 kobolds
  3 rats
153 creatures vanquished.

Vanquished Creatures (others)
  An orc wizard (D:3)
  A fungus (D:8)
  A plant (D:8)
  4 toadstools (D:8)
7 creatures vanquished.

Grand Total: 160 creatures vanquished

Table legend: (Time is in decaauts)
 A = Elapsed time spent in this place.
 B = Non-inter-level travel time spent in this place.
 C = Inter-level travel time spent in this place.
 D = Time resting spent in this place.
 E = Time spent auto-exploring this place.
 F = Levels seen in this place.
 G = Mean time per level.
                   A        B        C        D        E       F      G
               +--------+--------+--------+--------+--------+-----+--------+
         Total |  12270 |  11582 |    688 |   4035 |   5875 |   9 | 1363.3 |
       Dungeon |  12229 |  11555 |    674 |   4035 |   5847 |   8 | 1528.6 |
        Temple |     41 |     28 |     13 |      0 |     28 |   1 |   41.0 |
               +--------+--------+--------+--------+--------+-----+--------+

Top non-repeatable levels by time:
     D:6: 3122 daAuts
     D:5: 2014 daAuts
     D:7: 1795 daAuts
     D:4: 1627 daAuts
     D:3: 1506 daAuts
     D:2: 1136 daAuts
     D:1: 957 daAuts
     D:8: 68 daAuts
  Temple: 41 daAuts
